Map: Winter's Gate LE

Players

Mez

  • Race: Terran Terran
  • League: Master
  • Spawn Location: 11:00

A.I. 1 (Very Easy) - Winner!

  • Race: Terran Terran
  • Spawn Location: 5:00

VOD

Have the link to the VOD?

Description

Time

  • Played on: Sept. 5, 2019, 5:08 a.m.
  • Length: 2:38
Show
View Real Time Build Order
Export as new Build Order

Mez Terran 

Build Orders: Reaper Expand 

Get SALT Encoding   

  12  0:00  SCV  
  13  0:12  SCV  
  14  0:17  Supply Depot  
  14  0:25  SCV  
  15  0:38  SCV  
  15  0:39  Barracks  
  16  0:44  Refinery  
  16  0:50  SCV  
  17  1:03  SCV  
  18  1:15  SCV  
  19  1:27  Orbital Command  
  19  1:29  Reaper  
  20  1:39  Command Center  
  20  1:47  Bunker  
  20  1:53  SCV  
  21  1:55  Supply Depot  
  21  2:01  Marine  
  21  2:05  SCV  
  23  2:20  Barracks Reactor  
  23  2:26  Command Center  
Show
View Real Time Build Order
Export as new Build Order

A.I. 1 (Very Easy) Terran - Winner!

Build Orders:  

Get SALT Encoding   

  12  0:00  SCV  
  13  0:13  SCV  
  14  0:18  Supply Depot  
  14  0:37  Refinery  
  14  0:43  Barracks  
  14  1:03  Supply Depot  
  14  1:11  Refinery  
  14  1:29  Marine, SCV  
  16  1:41  SCV  
  17  1:53  SCV  
  18  2:02  Marine  
  18  2:05  SCV  
  20  2:18  SCV  
Tags
 
League
Master
Matchup
TvT
Race
Terran
Replay Pack
Spawningtool_Mez
Spawn Locations
Cross Positions
Add a new tag
Caveats
  • Supply blocks, unpowered buildings, or Contaminate may cause inaccurate times.
  • Supply counts are checked every 10 seconds.